General information
- name: BNet
- type: Ladder team game (AT/RT)
- host: Battle.net
- saver: KODOS_FORSAKEN.
map: Cherryville
- players: 8
- length: 28:13
- speed: Fast
- version: 1.24 W3XP
- replay type: Public
» download(166 KB)
Players
team 1 (loser)
oewr (
orange | 26 APM | 715 actions | 27:08)
6 Demon Hunter
3 Evasion
2 Mana Burn
1 Metamorphosis
» actions
| Assign group hotkey | 5 | |
| Basic commands | 8 | |
| Build / train | 61 | |
| Enter build submenu | 17 | |
| Enter hero's abilities submenu | 7 | |
| Give item / drop item | 1 | |
| Remove unit from queue | 1 | |
| Right click | 372 | |
| Select / deselect | 193 | |
| Select group hotkey | 23 | |
| Use ability | 27 | |
715 total
» units
| Wisp | 17 | |
| Archer | 6 | |
| Chimaera | 15 | |
| Troll Batrider | 3 | |
41 total
» upgrades
| Strength of the Wild | 3 | |
| Reinforced Hides | 3 | |
| Corrosive Breath | 1 | |
7 total
» buildings
| Altar of Elders | 1 | |
| Moon Well | 8 | |
| Ancient of War | 1 | |
| Tree of Ages | 1 | |
| Tree of Life | 1 | |
| Tree of Eternity | 1 | |
| Ancient of Wind | 1 | |
| Hunter's Hall | 1 | |
| Chimaera Roost | 3 | |
| Ancient of Wonders | 1 | |
19 total
» build order
00:13 Altar of Elders
00:21 Moon Well
01:04 Ancient of War
01:22 Moon Well
02:27 Tree of Ages
05:02 Tree of Life
05:06 Tree of Eternity
05:19 Moon Well
05:22 Moon Well
06:14 Ancient of Wind
06:20 Hunter's Hall
07:32 Chimaera Roost
07:38 Chimaera Roost
07:58 Chimaera Roost
08:19 Moon Well
10:26 Moon Well
10:31 Moon Well
14:24 Moon Well
18:06 Ancient of Wonders
» items
| Potion of Lesser Invulnerability | 1 | |
| Scroll of Town Portal | 1 | |
| Orb of Venom | 1 | |
3 total

»
McKass (
green | 36 APM | 969 actions | 26:33)
4 Mountain King
2 Bash
2 Storm Bolt
4 Paladin
2 Holy Light
2 Divine Shield
» actions
| Assign group hotkey | 59 | |
| Basic commands | 45 | |
| Build / train | 49 | |
| Enter build submenu | 28 | |
| Enter hero's abilities submenu | 8 | |
| Remove unit from queue | 1 | |
| Right click | 420 | |
| Select / deselect | 196 | |
| Select group hotkey | 107 | |
| Use ability | 56 | |
969 total
» units
| Peasant | 8 | |
| Footman | 6 | |
| Knight | 6 | |
| Dragonhawk Rider | 3 | |
23 total
» upgrades
| Masonry | 1 | |
| Swords | 2 | |
| Lumber Harvesting | 2 | |
| Animal War Training | 1 | |
| Plating | 2 | |
8 total
» buildings
| Farm | 11 | |
| Altar of Kings | 1 | |
| Lumber Mill | 1 | |
| Scout Tower | 5 | |
| Guard Tower | 5 | |
| Keep | 1 | |
| Barracks | 2 | |
| Blacksmith | 1 | |
| Castle | 1 | |
| Gryphon Aviary | 2 | |
| Arcane Vault | 1 | |
31 total
» build order
00:27 Farm
00:51 Altar of Kings
01:05 Lumber Mill
01:33 Farm
02:14 Scout Tower
02:19 Farm
02:51 Guard Tower
02:55 Scout Tower
03:04 Farm
03:21 Keep
03:27 Barracks
03:32 Guard Tower
03:41 Farm
04:22 Farm
04:36 Barracks
04:47 Blacksmith
05:01 Farm
05:40 Farm
05:45 Scout Tower
05:49 Castle
06:17 Farm
06:20 Farm
07:38 Scout Tower
07:43 Farm
08:35 Guard Tower
08:36 Guard Tower
12:22 Scout Tower
14:35 Gryphon Aviary
14:42 Gryphon Aviary
14:44 Guard Tower
16:33 Arcane Vault

»
fighter (
yellow | 47 APM | 1328 actions | 28:12)
4 Demon Hunter
2 Immolation
2 Mana Burn
3 Blademaster
2 Critical Strike
1 Wind Walk
1 Shadow Hunter
1 Healing Wave
» actions
| Assign group hotkey | 45 | |
| Basic commands | 6 | |
| Build / train | 121 | |
| Enter build submenu | 40 | |
| Enter hero's abilities submenu | 8 | |
| Right click | 625 | |
| Select / deselect | 385 | |
| Select group hotkey | 20 | |
| Use ability | 78 | |
1328 total
» units
| Wisp | 19 | |
| Archer | 16 | |
| Huntress | 3 | |
| Grunt | 9 | |
| Hippogryph | 15 | |
| Troll Batrider | 12 | |
| Peon | 2 | |
| Chimaera | 7 | |
83 total
» upgrades
| Melee Weapons | 2 | |
| Armor | 3 | |
| Berserker Strength | 1 | |
| Spiked Barricades | 2 | |
| Ranged Weapons | 3 | |
| Strength of the Wild | 2 | |
| Liquid Fire | 1 | |
| Corrosive Breath | 1 | |
| Marksmanship | 1 | |
| Improved Bows | 1 | |
| Hippogryph Taming | 1 | |
| Reinforced Defenses | 1 | |
| Strength of the Moon | 1 | |
| Moon Armor | 1 | |
| Reinforced Hides | 1 | |
22 total
» buildings
| Altar of Elders | 1 | |
| Moon Well | 7 | |
| Ancient of War | 1 | |
| Hunter's Hall | 1 | |
| Tree of Life | 6 | |
| Orc Burrow | 4 | |
| Stronghold | 1 | |
| Tree of Ages | 1 | |
| Fortress | 2 | |
| Great Hall | 2 | |
| Tree of Eternity | 1 | |
| Ancient Protector | 4 | |
| Ancient of Wind | 1 | |
| Tauren Totem | 2 | |
| Voodoo Lounge | 1 | |
| Beastiary | 2 | |
| Chimaera Roost | 1 | |
38 total
» build order
00:14 Altar of Elders
00:20 Moon Well
00:50 Ancient of War
01:20 Moon Well
02:02 Hunter's Hall
03:16 Moon Well
04:34 Tree of Life
04:54 Orc Burrow
04:56 Stronghold
05:37 Orc Burrow
05:46 Tree of Ages
06:48 Moon Well
07:04 Tree of Life
08:46 Fortress
08:46 Fortress
09:13 Great Hall
09:28 Tree of Eternity
09:41 Ancient Protector
09:48 Ancient Protector
09:54 Ancient Protector
10:03 Ancient Protector
10:09 Moon Well
11:25 Ancient of Wind
11:46 Tauren Totem
11:54 Great Hall
12:28 Tauren Totem
12:44 Voodoo Lounge
12:49 Beastiary
12:57 Beastiary
13:18 Chimaera Roost
13:43 Orc Burrow
14:42 Tree of Life
15:16 Orc Burrow
18:52 Moon Well
20:01 Moon Well
21:36 Tree of Life
23:18 Tree of Life
25:18 Tree of Life
rustey_rounds (
red | 24 APM | 100 actions | 04:07)
1 Blademaster
1 Wind Walk
» actions
| Build / train | 13 | |
| Enter build submenu | 6 | |
| Enter hero's abilities submenu | 1 | |
| Right click | 21 | |
| Select / deselect | 54 | |
| Use ability | 5 | |
100 total
» units
» buildings
| Altar of Storms | 1 | |
| Orc Burrow | 2 | |
| Barracks | 1 | |
| War Mill | 1 | |
5 total
» build order
00:08 Altar of Storms
00:14 Orc Burrow
01:36 Barracks
02:44 Orc Burrow
03:42 War Mill
team 2 (winner)

»
Scotsman (
pink | 53 APM | 1498 actions | 28:12)
5 Demon Hunter
3 Mana Burn
2 Evasion
3 Priestess of the Moon
2 Trueshot Aura
1 Scout
» actions
| Assign group hotkey | 20 | |
| Build / train | 55 | |
| Enter build submenu | 21 | |
| Enter hero's abilities submenu | 8 | |
| Right click | 751 | |
| Select / deselect | 176 | |
| Select group hotkey | 423 | |
| Use ability | 44 | |
1498 total
» units
| Wisp | 17 | |
| Huntress | 4 | |
| Hippogryph | 10 | |
| Chimaera | 2 | |
33 total
» upgrades
| Reinforced Hides | 2 | |
| Strength of the Wild | 2 | |
| Corrosive Breath | 1 | |
5 total
» buildings
| Moon Well | 11 | |
| Altar of Elders | 2 | |
| Hunter's Hall | 1 | |
| Ancient of War | 2 | |
| Tree of Ages | 1 | |
| Tree of Life | 3 | |
| Tree of Eternity | 1 | |
| Ancient of Wind | 2 | |
| Chimaera Roost | 3 | |
26 total
» build order
00:14 Moon Well
00:22 Altar of Elders
02:21 Hunter's Hall
02:29 Ancient of War
02:30 Ancient of War
02:39 Moon Well
02:48 Moon Well
03:42 Moon Well
05:35 Tree of Ages
06:30 Tree of Life
08:00 Tree of Eternity
08:05 Ancient of Wind
10:27 Chimaera Roost
10:28 Chimaera Roost
10:29 Chimaera Roost
11:56 Moon Well
11:57 Moon Well
12:00 Moon Well
12:19 Ancient of Wind
14:54 Altar of Elders
15:07 Moon Well
15:11 Moon Well
15:21 Moon Well
17:44 Tree of Life
18:05 Moon Well
22:28 Tree of Life
» items
| Orb of Venom | 1 | |
| Scroll of Town Portal | 2 | |
3 total

»
iseeyuorballs (
teal | 43 APM | 1223 actions | 28:12)
3 Archmage
2 Summon Water Elemental
1 Brilliance Aura
2 Paladin
1 Holy Light
1 Divine Shield
4 Mountain King
3 Storm Bolt
1 Bash
» actions
| Assign group hotkey | 19 | |
| Basic commands | 2 | |
| Build / train | 90 | |
| Enter build submenu | 47 | |
| Enter hero's abilities submenu | 9 | |
| Right click | 346 | |
| Select / deselect | 331 | |
| Select group hotkey | 275 | |
| Use ability | 104 | |
1223 total
» units
| Peasant | 15 | |
| Goblin Shredder | 1 | |
| Goblin Sapper | 1 | |
| Gryphon Rider | 4 | |
| Priest | 9 | |
| Dragonhawk Rider | 4 | |
34 total
» upgrades
| Lumber Harvesting | 1 | |
| Swords | 2 | |
| Masonry | 3 | |
| Storm Hammers | 1 | |
| Priest Training | 2 | |
| Armor | 1 | |
| Animal War Training | 1 | |
| Cloud | 1 | |
12 total
» buildings
| Farm | 13 | |
| Altar of Kings | 1 | |
| Lumber Mill | 3 | |
| Arcane Vault | 1 | |
| Scout Tower | 20 | |
| Keep | 3 | |
| Guard Tower | 19 | |
| Town Hall | 2 | |
| Blacksmith | 1 | |
| Castle | 1 | |
| Gryphon Aviary | 3 | |
| Arcane Sanctum | 2 | |
| Barracks | 1 | |
70 total
» build order
00:10 Farm
00:12 Altar of Kings
00:47 Farm
01:06 Lumber Mill
01:22 Arcane Vault
02:39 Scout Tower
04:07 Scout Tower
04:09 Keep
04:09 Keep
04:09 Keep
04:11 Guard Tower
04:22 Town Hall
04:44 Guard Tower
04:47 Scout Tower
04:56 Blacksmith
05:18 Guard Tower
05:20 Scout Tower
05:55 Guard Tower
05:55 Guard Tower
06:31 Castle
06:34 Gryphon Aviary
06:38 Gryphon Aviary
08:00 Gryphon Aviary
08:17 Lumber Mill
08:35 Farm
08:41 Scout Tower
09:13 Farm
09:24 Farm
09:35 Farm
09:51 Farm
10:01 Arcane Sanctum
10:27 Farm
10:34 Farm
10:42 Guard Tower
11:04 Arcane Sanctum
11:09 Farm
11:16 Farm
12:01 Farm
12:12 Barracks
12:41 Farm
21:02 Scout Tower
21:06 Scout Tower
21:07 Scout Tower
21:14 Scout Tower
21:30 Scout Tower
21:40 Guard Tower
21:42 Scout Tower
21:45 Scout Tower
21:47 Scout Tower
21:51 Scout Tower
21:52 Guard Tower
21:52 Guard Tower
22:06 Guard Tower
22:06 Guard Tower
22:17 Guard Tower
22:21 Guard Tower
26:20 Town Hall
26:24 Lumber Mill
26:28 Scout Tower
26:56 Scout Tower
26:57 Scout Tower
26:58 Scout Tower
26:59 Scout Tower
27:01 Scout Tower
27:37 Guard Tower
27:59 Guard Tower
27:59 Guard Tower
» items
| Lesser Clarity Potion | 2 | |
| Scroll of Regeneration | 2 | |
| Scroll of Town Portal | 1 | |
| Potion of Healing | 1 | |
6 total
KODOS_FORSAKEN. (
purple | 29 APM | 829 actions | 28:13)
» actions
| Build / train | 16 | |
| Enter build submenu | 123 | |
| Right click | 230 | |
| Select / deselect | 345 | |
| Use ability | 115 | |
829 total
» units
» upgrades
» buildings
| Lumber Mill | 108 | |
| Keep | 1 | |
| Altar of Kings | 2 | |
| Castle | 1 | |
| Town Hall | 1 | |
113 total
» build order
00:37 Lumber Mill
00:51 Lumber Mill
01:06 Lumber Mill
01:21 Lumber Mill
01:36 Lumber Mill
01:43 Lumber Mill
01:51 Lumber Mill
01:57 Lumber Mill
02:11 Lumber Mill
02:28 Lumber Mill
02:52 Lumber Mill
03:06 Lumber Mill
03:10 Lumber Mill
03:17 Lumber Mill
03:34 Lumber Mill
03:40 Lumber Mill
03:51 Lumber Mill
04:20 Lumber Mill
04:27 Lumber Mill
04:32 Lumber Mill
04:42 Lumber Mill
04:46 Lumber Mill
04:51 Lumber Mill
05:10 Lumber Mill
05:24 Lumber Mill
05:40 Lumber Mill
05:57 Lumber Mill
06:03 Lumber Mill
06:08 Lumber Mill
06:19 Lumber Mill
06:25 Lumber Mill
06:51 Lumber Mill
06:56 Lumber Mill
07:09 Lumber Mill
07:39 Lumber Mill
07:54 Lumber Mill
08:02 Lumber Mill
08:17 Lumber Mill
08:21 Lumber Mill
08:26 Lumber Mill
08:55 Keep
09:02 Lumber Mill
09:15 Lumber Mill
09:24 Lumber Mill
09:42 Lumber Mill
09:51 Lumber Mill
09:53 Lumber Mill
10:29 Lumber Mill
10:38 Lumber Mill
10:49 Lumber Mill
11:01 Lumber Mill
11:05 Lumber Mill
11:18 Lumber Mill
12:00 Lumber Mill
12:23 Altar of Kings
12:33 Lumber Mill
12:42 Lumber Mill
12:48 Lumber Mill
12:53 Lumber Mill
13:46 Lumber Mill
13:50 Lumber Mill
13:53 Lumber Mill
14:20 Lumber Mill
14:27 Castle
14:32 Lumber Mill
14:39 Lumber Mill
14:57 Lumber Mill
15:01 Lumber Mill
15:06 Lumber Mill
15:20 Lumber Mill
15:32 Lumber Mill
15:56 Lumber Mill
16:12 Lumber Mill
16:24 Lumber Mill
17:02 Lumber Mill
17:14 Lumber Mill
17:52 Lumber Mill
18:01 Lumber Mill
18:11 Lumber Mill
18:17 Lumber Mill
18:31 Lumber Mill
18:42 Lumber Mill
19:05 Lumber Mill
19:09 Lumber Mill
19:44 Lumber Mill
20:02 Lumber Mill
20:14 Lumber Mill
20:51 Lumber Mill
21:12 Lumber Mill
21:29 Lumber Mill
21:49 Lumber Mill
22:06 Lumber Mill
22:12 Lumber Mill
22:47 Town Hall
23:18 Lumber Mill
23:22 Lumber Mill
23:41 Lumber Mill
23:54 Lumber Mill
24:07 Lumber Mill
24:27 Lumber Mill
24:59 Lumber Mill
25:01 Lumber Mill
25:41 Lumber Mill
25:45 Lumber Mill
26:20 Lumber Mill
26:40 Lumber Mill
26:44 Lumber Mill
26:50 Lumber Mill
26:55 Lumber Mill
27:39 Lumber Mill
27:46 Altar of Kings
28:08 Lumber Mill
28:12 Lumber Mill
White_Racist (
blue | 102 APM | 2888 actions | 28:12)
6 Demon Hunter
3 Mana Burn
2 Evasion
1 Metamorphosis
» actions
| Assign group hotkey | 41 | |
| Basic commands | 280 | |
| Build / train | 66 | |
| Enter build submenu | 14 | |
| Enter hero's abilities submenu | 6 | |
| Give item / drop item | 5 | |
| Remove unit from queue | 1 | |
| Right click | 799 | |
| Select / deselect | 293 | |
| Select group hotkey | 1307 | |
| Use ability | 75 | |
2888 total
» units
| Wisp | 12 | |
| Archer | 5 | |
| Dryad | 11 | |
| Druid of the Claw | 11 | |
39 total
» upgrades
| Druid of the Claw Training | 2 | |
| Strength of the Wild | 2 | |
| Mark of the Claw | 1 | |
| Reinforced Hides | 2 | |
| Abolish Magic | 1 | |
8 total
» buildings
| Altar of Elders | 1 | |
| Moon Well | 6 | |
| Ancient of War | 1 | |
| Tree of Ages | 3 | |
| Hunter's Hall | 1 | |
| Ancient of Lore | 2 | |
| Tree of Eternity | 3 | |
| Ancient of Wonders | 1 | |
| Tree of Life | 2 | |
20 total
» build order
00:11 Altar of Elders
00:20 Moon Well
01:03 Ancient of War
01:30 Moon Well
02:27 Tree of Ages
02:27 Tree of Ages
03:20 Hunter's Hall
03:34 Moon Well
04:52 Ancient of Lore
04:55 Ancient of Lore
05:17 Tree of Eternity
05:17 Tree of Eternity
05:35 Moon Well
08:57 Moon Well
09:04 Ancient of Wonders
16:20 Tree of Life
22:53 Tree of Life
26:00 Moon Well
» items
| Boots of Speed | 1 | |
| Staff of Teleportation | 1 | |
| Scroll of Town Portal | 1 | |
3 total
Chat log
(00:41 / All) White_Racist: HEIL HITLER, HEIL MEIN FUHRER
(00:53 / All) White_Racist: SIEGEN DEUTSCHLAND
(01:11 / All) White_Racist: WIE WILLEN EIN
(01:14 / All) fighter: you know that he killed himself
(01:15 / Allies) Scotsman: plan?
(01:17 / All) White_Racist: JUDENFREI
(01:26 / All) White_Racist: there is zero evidence of that
(01:28 / Allies) KODOS_FORSAKEN.: that was so that the enemy didn't gain exp
(01:34 / Allies) Scotsman: lol
(01:40 / All) fighter: you not 2 smart
(01:45 / All) White_Racist: the only real winners of WWII was international Jewry
(01:50 / Allies) iseeyuorballs: lol
(01:51 / All) McKass: i heard everyone pissed on him after he died too
(02:02 / All) McKass: and had a good laugh
(02:03 / All) White_Racist: the people who control the media today
(02:07 / Allies) Scotsman: damnit. we have to rush with purp here
(02:11 / Allies) Scotsman: rush, ok?
(02:13 / All) White_Racist: and are committing genocide against the white race
(02:33 / All) McKass: stop talking, we don't care about your fucked up thoughts
(02:37 / All) oewr: jews are considered white
(02:47 / All) White_Racist: by whom
(02:55 / All) oewr: bioaligists
(03:00 / All) oewr: if i spelled that right
(03:03 / All) White_Racist: they are semetic
(03:09 / All) Scotsman: semitic
(03:28 / All) oewr: its all cacazoid
(03:29 / All) Scotsman: and they are partially white due to interbreeding
(03:30 / All) oewr: race
(04:00 / All) White_Racist: they have some white ancestry but they are tainted by their semitic genetics
(04:07 / Allies) KODOS_FORSAKEN.: not necessarily
(04:14 / Allies) KODOS_FORSAKEN.: they get distracted and waste time killing my mills
(04:16 / Allies) KODOS_FORSAKEN.: while you guys wtf pwn
(04:22 / Allies) KODOS_FORSAKEN.: it's a valid strategy
(04:28 / Allies) Scotsman: if they are not idiots they will ignore you
(04:34 / Allies) KODOS_FORSAKEN.: this is 4s rt
(04:36 / Allies) Scotsman: lets hit now
(04:37 / Allies) KODOS_FORSAKEN.: there's a good chance they're idiots
(04:44 / Allies) Scotsman: blue teal come
(05:44 / All) White_Racist: Hail our beautiful blonde race
(05:45 / Allies) iseeyuorballs: what u want me to make?
(05:48 / All) White_Racist: We are the true chosen ones
(07:43 / Allies) Scotsman: meet at blue
(07:57 / Allies) White_Racist: wtf
(08:34 / Allies) KODOS_FORSAKEN.: sucks that i can't build on the cobbel road
(08:37 / All) White_Racist: sieg heil
(08:41 / Allies) KODOS_FORSAKEN.: they should really fix that
(08:47 / Allies) Scotsman: they blow
(08:59 / Allies) Scotsman: lets hit
(09:08 / Allies) KODOS_FORSAKEN.: yeah you guys got this esay
(09:09 / Allies) KODOS_FORSAKEN.: easy*
(09:32 / Allies) KODOS_FORSAKEN.: MOTHER FUCKIN CREEPS
(10:07 / Allies) White_Racist: cloak of shadows
(11:54 / Allies) White_Racist: fuck..
(12:03 / All) White_Racist: fail
(12:08 / Allies) White_Racist: we dont have enough aa
(12:12 / Allies) Scotsman: making hipps
(12:26 / Allies) KODOS_FORSAKEN.: you guys got this
(12:28 / Allies) KODOS_FORSAKEN.: i believe in you.
(12:56 / Allies) White_Racist: omg
(13:02 / Allies) iseeyuorballs: leave
(13:07 / All) KODOS_FORSAKEN.: pinks still making hunts this late in the game rofl
(13:10 / Allies) iseeyuorballs: back
(13:15 / Allies) iseeyuorballs: backl pink
(13:17 / Allies) iseeyuorballs: back
(13:23 / Allies) iseeyuorballs: back
(13:25 / Allies) iseeyuorballs: u need me
(13:26 / Allies) iseeyuorballs: back
(13:31 / Allies) iseeyuorballs: back noobs
(13:36 / All) KODOS_FORSAKEN.: lmao
(13:38 / Allies) KODOS_FORSAKEN.: get back
(13:50 / Allies) iseeyuorballs: wow lol
(14:03 / Allies) White_Racist: i dont have a tp you idiot
(14:09 / All) White_Racist: i was trying to save his base
(14:13 / Allies) iseeyuorballs: wow
(14:14 / Allies) KODOS_FORSAKEN.: you're calling someone else an idiot even though you don't have a tp
(14:15 / Allies) KODOS_FORSAKEN.: nice.
(14:33 / Allies) White_Racist: thats why we lose
(14:42 / Allies) Scotsman: we can stil win
(14:45 / Allies) KODOS_FORSAKEN.: actually, we lose due to your lack of confidence.
(14:47 / Allies) iseeyuorballs: lol
(15:22 / Allies) White_Racist: lets go
(15:26 / Allies) iseeyuorballs: no
(15:31 / Allies) Scotsman: teal come to blue main
(15:33 / Allies) White_Racist: what are we waiting for
(15:39 / Allies) White_Racist: is teal afk
(15:43 / Allies) iseeyuorballs: lol
(15:47 / Allies) Scotsman: lets go
(15:51 / Allies) White_Racist: where the fuck was teal
(15:55 / Allies) iseeyuorballs: get ready t o tele
(15:57 / Allies) White_Racist: almost hereo
(16:00 / Allies) Scotsman: teal come to blue main
(16:00 / Allies) iseeyuorballs: stay in base
(16:05 / Allies) KODOS_FORSAKEN.: i guess they have maphack or something because they never came to my base.
(16:15 / Allies) KODOS_FORSAKEN.: oh there they are
(16:25 / Allies) White_Racist: should we go
(16:26 / Allies) iseeyuorballs: come
(16:34 / Allies) Scotsman: defend whereber they hit
(16:47 / Allies) Scotsman: tp
(17:58 / Allies) Scotsman: lets go now
(18:02 / Allies) iseeyuorballs: come
(18:03 / Allies) White_Racist: where
(18:06 / Allies) White_Racist: we need to hit now
(18:09 / Allies) White_Racist: they are disorganized
(18:18 / Allies) iseeyuorballs: meet
(18:23 / All) KODOS_FORSAKEN.: *Men in black theme starts playing"
(18:27 / Allies) iseeyuorballs: gogogogo
(18:30 / Allies) White_Racist: GO NOW
(18:31 / Allies) White_Racist: FUCK
(18:49 / Allies) White_Racist: TOWERS
(19:40 / Allies) Scotsman: nice
(20:02 / Allies) iseeyuorballs: nest
(20:04 / Allies) KODOS_FORSAKEN.: shit
(20:08 / Allies) White_Racist: next then next
(20:08 / Allies) KODOS_FORSAKEN.: forgot about those fuckin creeps
(20:28 / Allies) White_Racist: tp if they hit mine?
(20:32 / Allies) White_Racist: GET HIS MAIN
(20:32 / Allies) Scotsman: uyeah
(20:37 / Allies) KODOS_FORSAKEN.: it's just air
(20:39 / Allies) KODOS_FORSAKEN.: you guys got aa
(20:49 / Allies) White_Racist: tp?
(20:52 / Allies) iseeyuorballs: no
(21:04 / Allies) Scotsman: yeah tp now
(21:04 / Allies) KODOS_FORSAKEN.: curious.
(21:06 / Allies) KODOS_FORSAKEN.: why not?
(21:16 / Allies) Scotsman: fuck
(21:22 / Allies) iseeyuorballs: we ok
(21:23 / Allies) KODOS_FORSAKEN.: base trading is ftl
(21:43 / Allies) Scotsman: expos
(21:58 / Allies) White_Racist: check with air
(22:10 / Allies) White_Racist: DUDE
(22:12 / Allies) Scotsman: anyone 500 gold?
(22:12 / Allies) White_Racist: WHY ARE WE SPLIT UP
(22:16 / Allies) White_Racist: FUCK
(22:18 / Allies) White_Racist: NOW WE COULD LOSE
(22:20 / Allies) White_Racist: WE ARE SPLIT UP
(22:22 / Allies) Scotsman: ty
(22:34 / Allies) White_Racist: tp?
(22:36 / Allies) iseeyuorballs: no
(22:40 / Allies) White_Racist: KILL MAIN
(22:41 / Allies) White_Racist: MAIN HALL
(23:03 / Allies) White_Racist: if he hits there tp
(23:27 / Allies) White_Racist: KILL MAIN FAST
(23:28 / Allies) White_Racist: WITH CHIMS
(24:06 / Allies) White_Racist: kill main hall
(24:07 / Allies) White_Racist: WITH CHIMS
(24:08 / Allies) White_Racist: FAST I WILL BUFF
(24:21 / All) McKass: purple's a huge retard i see
(24:31 / Allies) iseeyuorballs: we tele tp purp main
(25:06 / Allies) KODOS_FORSAKEN.: see?
(25:08 / Allies) KODOS_FORSAKEN.: my plan works
(25:11 / Allies) White_Racist: scots
(25:12 / Allies) White_Racist: check
(25:13 / Allies) KODOS_FORSAKEN.: they are focused on mills
(25:21 / Allies) Scotsman: ok
(25:21 / Allies) White_Racist: check
(25:23 / Allies) White_Racist: you have wisp
(25:49 / Allies) White_Racist: check
(25:52 / Allies) White_Racist: kill
(26:34 / Allies) White_Racist: check
(26:43 / Allies) iseeyuorballs: go all theree
(26:46 / Allies) iseeyuorballs: i ll tele
(26:51 / Allies) White_Racist: where
(27:05 / Allies) White_Racist: where should we go
(27:12 / All) KODOS_FORSAKEN.: lmao
(27:19 / All) KODOS_FORSAKEN.: you lost to a guy who spammed lumber mills
(27:23 / All) KODOS_FORSAKEN.: how do you feel?
(27:46 / Allies) iseeyuorballs: gold?
(28:02 / Allies) KODOS_FORSAKEN.: pink put wisps in the mine
(28:12 / Allies) Scotsman: cant make no food